 Dungeon Crawl Stone Soup version 0.29-a0-311-gcbd9eb2193 (webtiles) character file.

Game seed: 12084370088773113344

238 Leszczynek the Chopper (level 6, -3/48 HPs)
             Began as a Human Gladiator on Mar 28, 2022.
             Was an Initiate of the Shining One.
             Slain by a gnoll
             ... wielding a +0 flail
              (9 damage)
             ... on level 5 of the Dungeon.
             The game lasted 00:10:03 (1422 turns).

Leszczynek the Chopper (Human Gladiator)            Turns: 1422, Time: 00:10:04

Health: -3/48      AC:  6    Str: 17    XL:     6   Next: 28%
Magic:  6/6        EV:  6    Int: 14    God:    the Shining One [......]
Gold:   88         SH:  0    Dex: 14    Spells: 5/5 levels left

rFire   . . .      SeeInvis .   a - +0 war axe
rCold   . . .      Faith    .   o - +0 buckler
rNeg    + . .      Spirit   .   f - +0 ring mail {rN+}
rPois   .          Reflect  .   c - +0 helmet
rElec   .          Harm     .   (no cloak)
rCorr   .          Rampage  .   (no gloves)
Will    .....                   (no boots)
Stlth   +.........              (no amulet)
HPRegen 0.16/turn               i - ring of flight
MPRegen 0.10/turn               s - +6 ring of intelligence

@: about to teleport, flying, held, glowing
A: no striking features
a: Renounce Religion


You were on level 5 of the Dungeon.
You worshipped the Shining One.
The Shining One was noncommittal.
You visited 2 branches of the dungeon, and saw 6 of its levels.

You collected 88 gold pieces.

Inventory:

Hand Weapons
 a - a +0 war axe (weapon)
Missiles
 d - 2 throwing nets (quivered)
 e - a javelin
 g - 2 poisoned darts
Armour
 c - a +0 helmet (worn)
 f - a +0 ring mail of positive energy (worn)
 o - a +0 buckler (worn)
Jewellery
 i - a ring of flight (left hand)
 s - a +6 ring of intelligence (right hand)
Wands
 q - a wand of polymorph (7)
Scrolls
 j - a scroll of immolation {unknown}
 k - a scroll of teleportation
 l - 2 scrolls of fog
 n - a scroll of blinking {unknown}
 p - a scroll of fear {unknown}
 r - a scroll of enchant armour {unknown}
 u - a scroll of silence {unknown}
 v - a scroll of magic mapping {unknown}
Potions
 b - a potion of berserk rage {!q}
 h - 2 potions of haste
 m - a potion of brilliance
 t - a potion of attraction {unknown}


   Skills:
 * Level 4.0 Fighting
 * Level 4.6 Axes
 - Level 2.5 Throwing
 - Level 3.4 Dodging
 + Level 1.4 Shields


You had 5 spell levels left.
You didn't know any spells.
Your spell library contained the following spells:

 Spells                   Type           Power      Damage    Failure   Level
 Shock                    Conj/Air       0%         1d3       58%         1
 Swiftness                Air            0%         N/A       91%         3
 Airstrike                Air            0%         N/A       100%        4


Dungeon Overview and Level Annotations

Branches:
Dungeon (5/15)             Temple (1/1) D:4

Altars:
Cheibriados
Fedhas
Gozag
Hepliaklqana
Kikubaaqudgha
Makhleb
Sif Muna
Trog
Wu Jian
The Shining One

Annotations:
D:2 Sigmund


Message History

The phantom is heavily damaged.
The phantom closely misses you.
You closely miss the phantom.
The phantom is heavily damaged.
The phantom hits you.
The phantom blinks!
You blink.
You miss the phantom.
The phantom is heavily damaged.
The phantom hits you but does no damage.
You hit the phantom.
The phantom is severely damaged.
The phantom barely misses you. The phantom completely misses you.
You slash the phantom!
You destroy the phantom!
The Shining One accepts your kill.
Your Fighting skill increases to level 4!
You have reached level 6!
The gnoll shouts!
The gnoll shouts!
You hear a shout!
The gnoll hits you with a +0 flail! The gnoll hits you with a +0 flail.
The gnoll throws a throwing net.
The throwing net barely misses you.
You closely miss the gnoll. The gnoll closely misses you.
The gnoll throws a throwing net.
The throwing net hits you.
You become entangled in the net!
You struggle against the net.
The gnoll barely misses you.
You struggle against the net.
The gnoll hits you with a +0 flail. x2
Unknown command.
You struggle against the net.
The gnoll hits you with a +0 flail. The gnoll hits you with a +0 flail!
You struggle against the net.
The gnoll hits you with a +0 club. The gnoll hits you with a +0 flail.
* * * LOW HITPOINT WARNING * * *
The gnoll hits you with a +0 flail.
* * * LOW HITPOINT WARNING * * *
Unknown command.
As you read the scroll of teleportation, it crumbles to dust.
You feel strangely unstable. The gnoll hits you with a +0 club.
* * * LOW HITPOINT WARNING * * *
The gnoll hits you with a +0 flail!
You die...

#### #############.....
#.#####...(.........####
............g........... ..
.#####.#...@g...#..#######..
.##.##.........g.#.#?..........
.......<.##.####.#.#...........
>.........................g.W..
#.#.##...##.##.#.#.#W.....g....
. # #...##.##.#.#.#....g......
##...#.## #.#.#.....<.....
#...#.# #...#...........
......# ### #.........##


You could see 3 gnolls.

Vanquished Creatures
  Blork the orc (D:4)
  A phantom (D:5)
  Robin (D:2)
  A gnoll (D:4)
  2 adders
  2 worms (D:3)
  2 dart slugs
  An orc (D:4)
  6 endoplasms
  2 giant cockroaches
  15 goblins
  5 hobgoblins
  4 kobolds
  A quokka (D:1)
  A ball python (D:4)
  A frilled lizard (D:1)
  2 rats
48 creatures vanquished.

Notes
Turn   | Place    | Note
-------+----------+-------------------------------------------
     0 | D:1      | Leszczynek the Human Gladiator began the quest for the Orb.
     0 | D:1      | Reached XP level 1. HP: 16/16 MP: 1/1
   132 | D:1      | Reached XP level 2. HP: 16/22 MP: 2/2
   171 | D:2      | Noticed Robin
   171 | D:2      | Found an opulent altar of Gozag.
   172 | D:2      | uh huh
   301 | D:1      | Reached XP level 3. HP: 25/28 MP: 3/3
   531 | D:2      | Noticed Sigmund
   571 | D:2      | Killed Robin
   582 | D:2      | Reached XP level 4. HP: 21/34 MP: 4/4
   717 | D:2      | Reached skill level 3 in Fighting
  1080 | D:4      | Noticed Blork the orc
  1090 | D:4      | Killed Blork the orc
  1091 | D:4      | Reached skill level 4 in Axes
  1091 | D:4      | Reached XP level 5. HP: 41/41 MP: 5/5
  1120 | D:4      | Found a staircase to the Ecumenical Temple.
  1125 | Temple   | Entered the Ecumenical Temple
  1184 | Temple   | plz
  1190 | Temple   | Became a worshipper of the Shining One
  1228 | D:4      | Reached skill level 1 in Shields
  1262 | D:5      | Entered Level 5 of the Dungeon
  1262 | D:5      | Noticed a phantom
  1411 | D:5      | Killed a phantom
  1412 | D:5      | Reached skill level 4 in Fighting
  1412 | D:5      | Reached XP level 6. HP: 47/48 MP: 6/6
  1421 | D:5      | HP: 8/48 [gnoll/+0 flail (4)]
  1422 | D:5      | Slain by a gnoll

Illustrated notes #... !.. #...######... #............ #............ .....J...... . #........_. ....#.......... .......@.g..g.g ............g.. .........gg.... ........g.gg... ......=.....g.. ...........g..# ##......gg....# ########.....# Turn 172 on D:2: uh huh

......................
........................
........................
...._...........⌠...⌠...
........................
........................
..............⌠...<...⌠.
........................
.......@................
...._...........⌠...⌠...
........................
........................
#.......8...............
##......................
###........_...........
###............_.....
###...............


Turn 1184 on Temple: plz

Levels and vault maps discovered:
D:1:      lightli_arrival_lavapool, layout_basic,
          shapermc_ecumenical_altar_hornbeckon, hex_tiny
D:2:      layout_basic, basic_altar, uniq_robin, uniq_sigmund
D:3:      layout_basic
D:4:      layout_loops_ring, minmay_temple_entry_nine_rooms, uniq_blork_the_orc
D:5:      nicolae_cairo_tiling, layout_basic, vehumet_altar_wand_db,
          minmay_manual_monolith, uniq_eustachio, uniq_ijyb
Temple:   compressed_dpeg_circular_temple

Skill      XL: |  1  2  3  4  5 |
---------------+----------------+-----
Fighting       | 3 4 |  4.0
Axes           | 4 |  4.6
Shields        | 1 |  1.4
Throwing       | |  2.5
Dodging        | |  3.4

Action                   |  1- 3 |  4- 6 || total
-------------------------+-------+-------++-------
Melee: War axe           |    61 |    90 ||   151
Throw: Throwing net      |     3 |     1 ||     4
  Use: Scroll            |     2 |     4 ||     6
       Potion            |       |     2 ||     2
 Stab: Held in net/web   |     1 |       ||     1
Armor: Ring mail         |    29 |    38 ||    67
Dodge: Dodged            |    43 |    55 ||    98
Block: Buckler           |       |     1 ||     1

Table legend: (Time is in decaauts)
 A = Elapsed time spent in this place.
 B = Non-inter-level travel time spent in this place.
 C = Inter-level travel time spent in this place.
 D = Time resting spent in this place.
 E = Time spent auto-exploring this place.
 F = Levels seen in this place.
 G = Mean time per level.
                   A        B        C        D        E       F      G
               +--------+--------+--------+--------+--------+-----+--------+
         Total |   1513 |   1352 |    161 |      0 |      0 |   6 |  252.2 |
       Dungeon |   1438 |   1277 |    161 |      0 |      0 |   5 |  287.6 |
        Temple |     74 |     74 |      0 |      0 |      0 |   1 |   74.0 |
               +--------+--------+--------+--------+--------+-----+--------+

Top non-repeatable levels by time:
     D:1: 501 daAuts
     D:4: 392 daAuts
     D:2: 386 daAuts
     D:3: 103 daAuts
  Temple: 74 daAuts
     D:5: 55 daAuts
